 Dungeon Crawl Stone Soup version 0.18.1-50-g88ac8fd (webtiles) character file.

1283 wamma the Poker (level 8, -7/73 HPs)
             Began as a Minotaur Berserker on Sept 14, 2016.
             Was a High Priest of Trog.
             Killed by nerve-wracking pain
             ... invoked by an orc priest
              (8 damage)
             ... on level 6 of the Dungeon.
             The game lasted 00:27:09 (4828 turns).

wamma the Poker (Minotaur Berserker)                Turns: 4828, Time: 00:27:09

Health: -7/73      AC: 13    Str: 23    XL:     8   Next: 29%
Magic:  2/2        EV: 12    Int:  4    God:    Trog [*****.]
Gold:   316        SH:  0    Dex: 11    Spells: 0 memorised, 7 levels left

rFire  + . .     SeeInvis .     C - +4 glaive (antimagic)
rCold  . . .     Gourm    .     y - +3 scale mail {rF+}
rNeg   . . .     Faith    .     (shield currently unavailable)
rPois  .         Spirit   .     (helmet restricted)
rElec  .         Dismiss  .     q - +0 cloak
rCorr  +         Reflect  .     (no gloves)
SustAt .         Harm     .     d - +0 pair of boots
MR     .....                    (no amulet)
Stlth  ..........               (no ring)
                                u - ring of resist corrosion

@: about to teleport, not resistant to hostile enchantments, extremely
unstealthy
A: retaliatory headbutt, horns 2
a: Berserk, Trog's Hand, Brothers in Arms, Burn Spellbooks, Renounce Religion


You were on level 6 of the Dungeon.
You worshipped Trog.
Trog was extremely pleased with you.
You were hungry.

You visited 1 branch of the dungeon, and saw 6 of its levels.

You collected 316 gold pieces.

Inventory:

Hand Weapons
 a - a +0 spear
 j - a +0 dagger
 r - a +3 spear
 B - a +0 halberd
 C - a +4 antimagic glaive (weapon)
Armour
 b - a +0 animal skin
 d - a +0 pair of boots (worn)
 f - a +0 ring mail
 l - a +1 chain mail
 q - a +0 cloak (worn)
 v - the +2 leather armour of Beogh's Vengeance {Int+2 Slay+3, unknown}
   (You found it on level 5 of the Dungeon)

   It affects your intelligence (+2).
   It affects your accuracy and damage with ranged weapons and melee attacks
   (+3).
 w - a +0 robe of positive energy
 y - a +3 scale mail of fire resistance (worn)
Jewellery
 h - an uncursed ring of protection from fire {unknown}
 u - a ring of resist corrosion (left hand)
 F - a +3 ring of dexterity {unknown}
 G - a cursed -2 ring of intelligence {unknown}
 H - a +4 ring of dexterity {unknown}
Wands
 z - a wand of confusion (17/48)
Scrolls
 e - 6 scrolls of remove curse
 E - a scroll of teleportation
Potions
 i - 2 potions of cure mutation
 k - 5 potions of curing
 n - a potion of ambrosia
 o - 2 potions of mutation
 s - a potion of might {unknown}
 A - a potion of flight {unknown}
 I - a potion of magic {unknown}
Comestibles
 c - 4 bread rations
 g - 4 meat rations
 p - 2 slices of pizza
 t - a fruit
 x - a royal jelly
 D - 2 chunks of flesh


   Skills:
 + Level 7.0 Fighting
 + Level 7.5 Polearms
 + Level 6.3 Armour
 + Level 5.2 Dodging
 + Level 1.0 Stealth


You had 7 spell levels left.
You didn't know any spells.

Dungeon Overview and Level Annotations

Branches:
Dungeon (6/15)
 Temple: D:4-7

Altars:
Dithmenos
Pakellas
Sif Muna


Innate Abilities, Weirdness & Mutations

You reflexively headbutt those who attack you in melee.
You have a pair of horns on your head.


Message History

Read which item? (? for menu, Esc to quit)
As you read the scroll of teleportation, it crumbles to dust.
You feel strangely unstable.
You hear some strange, mumbled words.
A puff of frost appears from out of thin air!
The puff of frost hits you!
* * * LOW HITPOINT WARNING * * *
The orc warrior hits you with a long sword!
* * * LOW HITPOINT WARNING * * *
The orc hits you but does no damage. Something hits you but does no damage.
The orc priest hits you with a hand axe of electrocution.
* * * LOW HITPOINT WARNING * * *
The orc priest looks braver for a moment.
The orc misses you.
Things that are here:
a dagger; a robe; an orc corpse The orc priest mumbles some strange prayers to Beogh against you.
Pain shoots through your body!
You die...

##.............#
..o............#
...o...........#
........§§.....#
##......§.§....# ###
#.......§.....# {.#
........§..oo..# ≈≈#
%........oo.)..# ..#
##.......##o@..#
..#############>...#
'###...............#
.8.#...............#
_..# #.............#
..####.............#
.##.##.......##....#
....##.......##....#
#..................#


You could see an orc warrior, 2 orc priests and 2 orcs.

Vanquished Creatures
  A black bear (D:6)
  A centaur (D:6)
  3 ogres
  2 scorpions
  A giant frog zombie (D:6)
  A giant frog skeleton (D:6)
  3 orc priests
  3 hounds (D:4)
  3 orc wizards
  An iguana (D:6)
  Ijyb (D:2)
  A worker ant (D:4)
  2 hound skeletons
  Robin (D:3)
  5 gnolls
  7 adders
  A howler monkey skeleton (D:5)
  A shadow imp (D:6)
  5 worms
  A dart slug (D:1)
  4 giant geckos
  22 orcs
  3 ball pythons
  6 giant cockroaches
  21 goblins
  22 hobgoblins
  19 jackals
  16 kobolds
  3 quokkas
  6 bats
  A giant cockroach zombie (D:5)
  4 giant newts
  6 rats
  A plant (D:3)
178 creatures vanquished.

Vanquished Creatures (others)
  A rakshasa (D:4)
1 creature vanquished.

Grand Total: 179 creatures vanquished

Notes
Turn   | Place    | Note
--------------------------------------------------------------
     0 | D:1      | wamma the Minotaur Berserker began the quest for the Orb.
     0 | D:1      | Reached XP level 1. HP: 19/19 MP: 0/0
     6 | D:1      | Noticed a black bear
     7 | D:1      | Noticed a rime drake
     7 | D:1      | Noticed a black mamba
   172 | D:1      | Reached XP level 2. HP: 27/27 MP: 1/1
   429 | D:1      | Reached ** piety under Trog
   801 | D:2      | Reached XP level 3. HP: 33/33 MP: 2/2
   880 | D:2      | Noticed Ijyb
   889 | D:2      | Killed Ijyb
   889 | D:2      | Reached XP level 4. HP: 41/41 MP: 3/3
  1515 | D:3      | Reached *** piety under Trog
  1515 | D:3      | Reached skill level 5 in Polearms
  1541 | D:3      | Reached XP level 5. HP: 43/47 MP: 4/4
  1570 | D:3      | Reached skill level 5 in Fighting
  1805 | D:3      | Reached XP level 6. HP: 50/56 MP: 5/5
  2012 | D:3      | Reached **** piety under Trog
  2144 | D:3      | Noticed Robin
  2163 | D:3      | Killed Robin
  2735 | D:4      | Received a gift from Trog
  2809 | D:4      | Reached XP level 7. HP: 45/62 MP: 6/6
  2984 | D:4      | Found an oddly glowing altar of Pakellas.
  2984 | D:4      | Noticed a rakshasa
  2994 | D:4      | Killed a rakshasa
  3190 | D:4      | Reached ***** piety under Trog
  3386 | D:5      | Entered Level 5 of the Dungeon
  3637 | D:5      | Reached skill level 5 in Armour
  3651 | D:5      | Got a dazzling leather armour
  3667 | D:5      | Found a shadowy altar of Dithmenos.
  3857 | D:5      | Received a gift from Trog
  3896 | D:5      | Reached skill level 1 in Stealth
  4328 | D:6      | Reached XP level 8. HP: 65/71 MP: 2/7
  4441 | D:6      | Reached skill level 5 in Dodging
  4704 | D:6      | Found a deep blue altar of Sif Muna.
  4827 | D:6      | HP: 1/73 [orc priest/hand axe of electrocution (4)]
  4828 | D:6      | Killed from afar by an orc priest

Skill      XL: |  1  2  3  4  5  6  7  8 |
---------------+-------------------------+-----
Polearms       | 4 5 7 |  7.5
Fighting       | 4 5 6 7 |  7.0
Dodging        | 3 4 5 |  5.2
Armour         | 3 4 5 6 |  6.3
Stealth        | 1 |  1.0

Action                   |  1- 3 |  4- 6 |  7- 9 || total
-------------------------+-------+-------+-------++-------
Melee: Spear             |    73 |   219 |    64 ||   356
       Headbutt          |    10 |    28 |    25 ||    63
       Glaive            |       |       |    76 ||    76
Invok: Berserk           |     1 |     1 |     2 ||     4
       Trog's Hand       |     1 |       |     2 ||     3
  Use: Scroll            |     3 |    12 |     7 ||    22
       Potion            |       |       |     1 ||     1
  Eat: Chunk             |       |     8 |     5 ||    13
       Fruit             |       |       |     4 ||     4
Armor: Ring mail         |    24 |       |       ||    24
       Animal skin       |     1 |       |       ||     1
       Chain mail        |    16 |    52 |       ||    68
       Scale mail        |       |    82 |    64 ||   146
Dodge: Dodged            |    42 |   102 |    88 ||   232
